 Dungeon Crawl Stone Soup version 0.19.5 (webtiles) character file.

12513 McKennaii the Thaumaturge (level 11, -3/56 HPs)
             Began as a Deep Elf Fire Elementalist on May 11, 2017.
             Was a High Priest of Vehumet.
             Slain by a troll (5 damage)
             ... on level 12 of the Dungeon.
             The game lasted 00:36:19 (12015 turns).

McKennaii the Thaumaturge (DEFE)                   Turns: 12015, Time: 00:36:20

Health: -3/56      AC:  6    Str:  8      XL:     11   Next: 63%
Magic:  16/31      EV: 15    Int: 27      God:    Vehumet [*****.]
Gold:   291        SH:  0    Dex: 14 (15) Spells: 5 memorised, 26 levels left

rFire  + . .     SeeInvis +     (no weapon)
rCold  + . .     Gourm    .     A - +0 robe {rF+}
rNeg   . . .     Faith    .     (no shield)
rPois  .         Spirit   .     K - +0 helmet {SInv}
rElec  .         Reflect  .     (no cloak)
rCorr  .         Harm     .     v - +2 pair of gloves {Str+3}
MR     +....                    (no boots)
Stlth  +++.......               y - amulet of regeneration
                                n - +3 ring of intelligence
                                M - ring of protection from cold

@: no status effects
A: no striking features
a: Renounce Religion


You were on level 12 of the Dungeon.
You worshipped Vehumet.
Vehumet was extremely pleased with you.
You were very hungry.

You visited 2 branches of the dungeon, and saw 13 of its levels.
You also visited: Ossuary.

You collected 580 gold pieces.
You spent 289 gold pieces at shops.

Inventory:

Armour
 v - a +2 pair of gloves of strength (worn)
 A - a +0 robe of fire resistance (worn)
 K - a +0 helmet of see invisible (worn)
Jewellery
 n - a +3 ring of intelligence (right hand)
 y - an amulet of regeneration (around neck)
 M - a ring of protection from cold (left hand)
Wands
 E - a wand of paralysis (18/24)
 Q - a wand of teleportation (3/9)
 R - a wand of slowing (18/48)
Scrolls
 d - 15 scrolls of identify {unknown}
 f - 4 scrolls of recharging {unknown}
 i - 2 scrolls of immolation {unknown}
 k - a scroll of brand weapon {unknown}
 l - a scroll of enchant armour {unknown}
 p - 4 scrolls of fear {unknown}
 q - 3 scrolls of noise
 r - 4 scrolls of blinking {unknown}
 s - 2 scrolls of fog {unknown}
 w - 2 scrolls of magic mapping {unknown}
 x - 7 scrolls of remove curse
 B - 3 scrolls of teleportation {unknown}
 C - 4 scrolls of enchant weapon
 G - 3 scrolls of amnesia {unknown}
 L - a scroll of summoning {unknown}
 N - a scroll of silence {unknown}
Potions
 a - 2 potions of brilliance {unknown}
 e - 2 potions of agility
 g - 6 potions of curing
 j - 3 potions of flight
 m - a potion of invisibility {unknown}
 o - a potion of mutation {unknown}
 u - 2 potions of heal wounds {unknown}
 z - 4 potions of lignification
 D - a potion of resistance
 H - a potion of ambrosia {unknown}
 I - a potion of haste {unknown}
 J - a potion of berserk rage {unknown}
 O - 2 potions of might {unknown}
Books
 b - a book of Flames

   Spells                             Type                      Level
   a - Flame Tongue                   Conjuration/Fire             1
   b - Throw Flame                    Conjuration/Fire             2
   c - Conjure Flame                  Conjuration/Fire             3
   d - Inner Flame                    Hexes/Fire                   3
   e - Sticky Flame                   Conjuration/Fire             4
   f - Fireball                       Conjuration/Fire             5
 t - a book of Cantrips

   Spells                             Type                      Level
   a - Confusing Touch                Hexes                        1
   b - Animate Skeleton               Necromancy                   1
   c - Summon Small Mammal            Summoning                    1
   d - Apportation                    Translocation                1
Comestibles
 c - 7 bread rations
 h - 5 fruits
 F - a meat ration


   Skills:
 + Level 1.4 Fighting
 + Level 5.2 Dodging
 + Level 4.7 Stealth
 + Level 14.3 Spellcasting
 + Level 10.7 Conjurations
 + Level 11.2 Fire Magic


You had 26 spell levels left.
You knew the following spells:

 Your Spells              Type           Power        Failure   Level  Hunger
a - Flame Tongue          Conj/Fire      #####        1%          1    None
b - Throw Flame           Conj/Fire      ######       1%          2    None
c - Conjure Flame         Conj/Fire      ######..     1%          3    None
d - Magic Dart            Conj           ####         1%          1    None
f - Fireball              Conj/Fire      ######....   1%          5    #......


Dungeon Overview and Level Annotations

Branches:
Dungeon (12/15)            Temple (1/1) D:4            Lair (0/6) D:8
    Orc (0/2) D:10

Altars:
Ashenzari
Cheibriados
Dithmenos
Elyvilon
Fedhas
Gozag
Hepliaklqana
Kikubaaqudgha
Makhleb
Nemelex Xobeh
Okawaru
Qazlal
Ru
Sif Muna
Trog
Uskayaw
Vehumet
Xom
Yredelemnul
Zin
The Shining One

Shops:
D:5 !   D:7 *   D:9 *[=


Message History

The troll bites you! The troll claws you!
* * * LOW HITPOINT WARNING * * *
The troll claws you.
* * * LOW HITPOINT WARNING * * *
Unknown command.
Okay, then.
Okay, then.
The troll is engulfed in roaring flames.
Found a hide-covered altar of Uskayaw.
Casting: Flame Tongue
Confirm with . or Enter, or press ? or * to list all spells.
Aiming: Fireball
Press: ? - help, Shift-Dir - straight line, p - troll The fireball explodes!
The fireball engulfs the troll.
The troll is almost dead.
You hear an angry hiss. x2; You hear a croak.
The troll bites you!
* * * LOW HITPOINT WARNING * * *
The troll misses you. The troll claws you.
You die...

._..# ...# ...# ###
# #......#.#
#####..#. .#.##
....... .... #...#
..#
###.#..@###..#####
........T.ยง.......
.##.#.#<###..#....
# #.#.# ..# . # #.#
..# #.# ..# #.# ...
#.# .... ... ....


You could see a troll.

Vanquished Creatures
  The ghost of Peloso the Carver, a novice MiFi (D:7)
  The ghost of Agorwal the Cleaver, a novice MiCK of Xom (D:8)
  2 hill giants
  Joseph (D:7)
  3 trolls
  A two-headed ogre (D:11)
  2 hippogriffs
  2 wyverns
  A wraith (D:11)
  10 yaks
  Eustachio (D:5)
  The ghost of Agorwal the Chopper, an amateur MiCK of Xom (D:3)
  A hungry ghost (D:3)
  3 vampire mosquitoes (D:11)
  A steam dragon (D:9)
  Edmund (D:3)
  A soldier ant (D:11)
  A water moccasin (D:9)
  4 ice beasts
  A sky beast (D:9)
  4 orc warriors
  2 phantoms (D:9)
  6 ogres
  A necrophage (D:9)
  An eye of draining (D:9)
  6 centaurs
  4 big kobolds
  8 bullfrogs
  A water moccasin zombie (D:11)
  3 scorpions
  2 wyvern skeletons
  4 killer bees (D:8)
  8 wights (D:8)
  7 howler monkeys
  A centaur zombie (D:8)
  2 human zombies (Ossuary)
  2 quasits
  4 crimson imps
  2 bullfrog zombies
  2 bullfrog skeletons
  3 centaur skeletons
  A jelly (D:6)
  6 orc priests
  2 gnoll shamans
  4 hounds
  5 orc wizards
  An iguana (D:10)
  Terence (D:2)
  8 worker ants
  A killer bee zombie (D:7)
  2 big kobold zombies (Ossuary)
  A hound skeleton (D:7)
  4 mummies (Ossuary)
  A howler monkey zombie (D:9)
  A worker ant zombie (D:5)
  Robin (D:4)
  2 howler monkey skeletons
  8 gnolls (D:8)
  16 adders
  A river rat (D:8)
  4 shadow imps
  2 oozes (D:1)
  3 adder skeletons
  4 worms
  3 dart slugs
  2 leopard geckos
  26 orcs
  9 bats
  5 giant cockroaches
  12 goblins
  14 hobgoblins
  7 jackals
  2 quokkas
  2 ball pythons
  6 frilled lizards
  A goblin zombie (Ossuary)
  A hobgoblin zombie (Ossuary)
  A jackal skeleton (D:5)
  A jackal zombie (D:4)
  22 kobolds
  2 kobold zombies (Ossuary)
  An orc zombie (D:7)
  11 rats
  A fungus (D:8)
320 creatures vanquished.

Vanquished Creatures (others)
  16 fungi (D:8)
  4 plants (D:8)
20 creatures vanquished.

Grand Total: 340 creatures vanquished

Notes
Turn   | Place    | Note
-------+----------+-------------------------------------------
     0 | D:1      | McKennaii the Deep Elf Fire Elementalist began the quest for the Orb.
     0 | D:1      | Reached XP level 1. HP: 10/10 MP: 6/6
   138 | D:1      | Reached XP level 2. HP: 7/15 MP: 0/8
   518 | D:1      | Reached XP level 3. HP: 19/19 MP: 4/9
   903 | D:2      | Learned a level 2 spell: Throw Flame
   907 | D:2      | Learned a level 3 spell: Conjure Flame
  1195 | D:2      | Reached XP level 4. HP: 14/24 MP: 7/11
  1252 | D:2      | Noticed Terence
  1324 | D:2      | Killed Terence
  1324 | D:2      | Reached skill level 4 in Spellcasting
  1747 | D:3      | Noticed Agorwal's ghost (amateur MiCK)
  1772 | D:3      | Killed Agorwal's ghost
  1772 | D:3      | Reached skill level 5 in Spellcasting
  1772 | D:3      | Reached XP level 5. HP: 28/28 MP: 0/14
  1872 | D:3      | Learned a level 5 spell: Fireball
  2233 | D:3      | Reached XP level 6. HP: 33/33 MP: 8/16
  2239 | D:3      | Reached skill level 5 in Fire Magic
  2382 | D:3      | Noticed a hungry ghost
  2391 | D:3      | Killed a hungry ghost
  2391 | D:3      | Reached skill level 6 in Spellcasting
  2788 | D:3      | Reached XP level 7. HP: 5/37 MP: 4/18
  2788 | D:3      | HP: 1/37 [hobgoblin/club (5)]
  2885 | D:3      | Found a shadowy altar of Dithmenos.
  3004 | D:4      | Noticed Robin
  3090 | D:4      | Noticed Edmund
  3138 | D:3      | Killed Edmund
  3254 | D:4      | Found a staircase to the Ecumenical Temple.
  3272 | D:4      | Killed Robin
  3278 | D:4      | Reached skill level 7 in Spellcasting
  3301 | Temple   | Entered the Ecumenical Temple
  3396 | Temple   | Became a worshipper of Vehumet
  3568 | D:4      | Found an iron altar of Okawaru.
  4230 | D:4      | Found an opulent altar of Gozag.
  4230 | D:4      | Found a burning altar of Makhleb.
  4231 | D:4      | Found a deep blue altar of Sif Muna.
  4478 | D:5      | Entered Level 5 of the Dungeon
  4478 | D:5      | Found Xill's Distillery.
  4489 | D:5      | Noticed Eustachio
  4509 | D:5      | Killed Eustachio
  4509 | D:5      | Reached XP level 8. HP: 42/42 MP: 8/21
  4701 | D:5      | Reached skill level 5 in Conjurations
  4797 | D:5      | Reached * piety under Vehumet
  4797 | D:5      | Offered knowledge of Magic Dart by Vehumet.
  4800 | D:5      | Learned a level 1 spell: Magic Dart
  4851 | D:5      | Reached skill level 8 in Spellcasting
  5381 | D:5      | Bought a potion of degeneration for 12 gold pieces
  5417 | D:5      | Found a white marble altar of Elyvilon.
  5608 | D:6      | Reached skill level 9 in Spellcasting
  6079 | D:6      | Noticed a hippogriff
  6085 | D:6      | Killed a hippogriff
  6085 | D:6      | Reached XP level 9. HP: 46/46 MP: 14/24
  6529 | D:7      | Noticed Peloso's ghost (novice MiFi)
  6536 | D:7      | Killed Peloso's ghost
  6536 | D:7      | Reached skill level 10 in Spellcasting
  6591 | D:7      | Found Jesm's General Store.
  6592 | D:7      | Noticed Joseph
  6597 | D:7      | Killed Joseph
  6606 | D:7      | Bought a scroll of remove curse for 36 gold pieces
  6816 | D:7      | Found a sand-covered staircase.
  6820 | D:7      | Offered knowledge of Sandblast by Vehumet.
  6825 | Ossuary  | Entered an ossuary
  6927 | Ossuary  | Reached ** piety under Vehumet
  6984 | Ossuary  | Reached skill level 11 in Spellcasting
  7863 | D:8      | Reached XP level 10. HP: 51/51 MP: 23/27
  7877 | D:8      | Reached skill level 1 in Fighting
  8023 | D:8      | Offered knowledge of Ignite Poison by Vehumet.
  8122 | D:8      | Found a staircase to the Lair.
  8128 | D:8      | Reached *** piety under Vehumet
  8328 | D:8      | Offered knowledge of Fulminant Prism by Vehumet.
  8606 | D:8      | Noticed Agorwal's ghost (novice MiCK)
  9015 | D:8      | Reached skill level 12 in Spellcasting
  9146 | D:8      | Killed Agorwal's ghost
  9146 | D:8      | Reached skill level 10 in Fire Magic
  9543 | D:9      | Reached **** piety under Vehumet
  9741 | D:9      | Reached skill level 13 in Spellcasting
  9777 | D:9      | Reached XP level 11. HP: 44/56 MP: 11/30
  9794 | D:9      | Offered knowledge of Olgreb's Toxic Radiance by Vehumet.
 10346 | D:9      | Reached skill level 10 in Conjurations
 10452 | D:9      | Found Hanynoux's Antique Armour Emporium.
 10461 | D:9      | Bought a runed helmet for 241 gold pieces
 10476 | D:9      | Found Yfeid's Jewellery Boutique.
 10482 | D:9      | Found Lytoydwo's General Store.
 10554 | D:10     | Entered Level 10 of the Dungeon
 10871 | D:10     | Noticed a hill giant
 10876 | D:10     | Killed a hill giant
 10876 | D:10     | Reached skill level 5 in Dodging
 10944 | D:10     | Found a staircase to the Orcish Mines.
 11365 | D:11     | Reached skill level 14 in Spellcasting
 11570 | D:11     | Noticed a hill giant
 11575 | D:11     | Killed a hill giant
 11917 | D:11     | Reached ***** piety under Vehumet
 12014 | D:12     | Found a hide-covered altar of Uskayaw.
 12015 | D:12     | HP: 2/56 [troll (12)]
 12015 | D:12     | Slain by a troll

Skill      XL: |  1  2  3  4  5  6  7  8  9 10 11 |
---------------+----------------------------------+-----
Fire Magic     | 4 5 6 7 9 10 11 | 11.2
Stealth        | 3 4 |  4.7
Conjurations   | 2 3 4 6 8 9 10 | 10.7
Spellcasting   | 5 6 7 9 11 13 14 | 14.3
Dodging        | 3 4 5 |  5.2
Fighting       | 1 |  1.4

Action                   |  1- 3 |  4- 6 |  7- 9 | 10-12 || total
-------------------------+-------+-------+-------+-------++-------
Melee: Unarmed           |     2 |       |       |     2 ||     4
 Cast: Flame Tongue      |    69 |    93 |   282 |   369 ||   813
       Conjure Flame     |       |     4 |     7 |    11 ||    22
       Throw Flame       |       |     1 |    49 |     6 ||    56
       Fireball          |       |       |     8 |    46 ||    54
       Magic Dart        |       |       |     7 |   113 ||   120
  Use: Scroll            |       |       |     1 |     2 ||     3
       Potion            |       |       |       |     3 ||     3
  Eat: Chunk             |     1 |     3 |     9 |    12 ||    25
       Fruit             |       |     1 |       |     1 ||     2
       Meat ration       |       |       |     1 |       ||     1
       Beef jerky        |       |       |     2 |       ||     2
Armor: Robe              |     5 |     3 |    17 |    50 ||    75
       Skin              |       |       |       |     4 ||     4
Dodge: Dodged            |    38 |    21 |    60 |   136 ||   255
